 Dungeon Crawl Stone Soup version 0.26.1-2-gb8aa6d0cf2 (webtiles) character file.

Game seed: 955162124618844160

312 DasRunzen the Conjurer (level 5, -7/42 HPs)
             Began as a Demigod Conjurer on Feb 9, 2021.
             Mangled by Duvessa
             ... wielding a +0 rapier
              (13 damage)
             ... on level 4 of the Dungeon.
             The game lasted 00:06:00 (3733 turns).

DasRunzen the Conjurer (Demigod Conjurer)           Turns: 3733, Time: 00:06:00

Health: -7/42      AC:  6    Str: 12    XL:     5   Next: 97%
Magic:  5/12       EV: 13    Int: 22    God:
Gold:   149        SH:  0    Dex: 14    Spells: 6/9 levels left

rFire    . . .     SeeInvis +   g - +2 dagger (venom)
rCold    . . .     Faith    .   (no shield)
rNeg     . . .     Spirit   .   a - +1 robe
rPois    .         Reflect  .   o - +2 helmet {SInv}
rElec    .         Harm     .   (no cloak)
rCorr    .         Rampage  .   (no gloves)
Will     +....                  (no boots)
Stlth    ++........             (no amulet)
HPRegen  0.14/turn              h - ring of willpower
MPRegen  0.13/turn              (no ring)

@: very slightly contaminated
A: high mp 1
a: no special abilities


You were on level 4 of the Dungeon.
You visited 1 branch of the dungeon, and saw 4 of its levels.

You collected 149 gold pieces.

Inventory:

Hand Weapons
 g - a +2 dagger of venom (weapon)
Armour
 a - a +1 robe (worn)
 o - a +2 helmet of see invisible (worn)
Jewellery
 d - an uncursed amulet of reflection {unknown}
 h - a ring of willpower (left hand)
Wands
 n - a wand of digging (6)
Potions
 b - 2 potions of might
 c - a potion of mutation {unknown}
 e - a potion of ambrosia
 f - 2 potions of curing
 i - a potion of haste
 j - 2 potions of flight
 k - a potion of invisibility {unknown}


   Skills:
 + Level 2.3 Fighting
 + Level 2.2 Armour
 + Level 3.0 Dodging
 - Level 1.7 Stealth
 + Level 2.8 Spellcasting
 + Level 4.4 Conjurations


You had 6 spell levels left.
You knew the following spells:

 Your Spells              Type           Power        Failure   Level
a - Magic Dart            Conj           88%          1%          1
b - Searing Ray           Conj           44%          3%          2

Your spell library contained the following spells:

 Spells                   Type           Power        Failure   Level
 Dazzling Flash           Conj/Hex       24%          16%         3
 Fulminant Prism          Conj/Hex       6%           45%         4
 Iskenderun's Mystic Bla  Conj/Tloc      12%          45%         4


Dungeon Overview and Level Annotations

Branches:
Dungeon (4/15)
 Temple: D:4-7

Annotations:
D:4 Duvessa


Innate Abilities, Weirdness & Mutations

You have an increased reservoir of magic. (+10% MP)


Message History

Duvessa completely misses you.
Dowan gestures wildly while chanting.
Dowan blinks!
The searing ray hits Dowan!
You kill Dowan!
Duvessa weeps, then rights herself and shakes her weapon.
Duvessa goes berserk!
You finish channeling your searing ray.
Duvessa hits you but does no damage. Duvessa hits you with a +0 rapier!
Unknown command.
Casting: Searing Ray (safe; 3% risk of failure)
Confirm with . or Enter, or press ? or * to list all spells.
Aiming: Searing Ray (safe; 3% risk of failure)
Press: ? - help, Shift-Dir - straight line, f - Duvessa
Aim: Duvessa, wielding a +0 rapier and wearing a +1 ring mail of cold resistance (severely wounded, berserk, 16% to evade)
You miscast Searing Ray.
You are very lightly contaminated with residual magic.
Nothing appears to happen.
Duvessa hits you with a +0 rapier!
* * * LOW HITPOINT WARNING * * *
Duvessa hits you with a +0 rapier!
You die...

..........##... .#
####..##........^..#
#>....##....##....
#....#.## ...
#..###.# ## #..###.#
#.....<#
##)######...
#..@e$...#
#.)####.... #... #
#.... ##.##. #.. ..
#.# ## #..


You could see Duvessa (berserk).

Vanquished Creatures
  Dowan (D:4)
  Ijyb (D:3)
  Natasha (thrice) (D:3)
  Robin (D:3)
  4 adders
  An ooze (D:3)
  A worm (D:3)
  2 dart slugs
  3 leopard geckos
  9 orcs
  5 giant cockroaches
  16 goblins
  11 hobgoblins
  4 jackals (D:1)
  8 bats
  7 frilled lizards
  4 kobolds
  19 rats
100 creatures vanquished.

Vanquished Creatures (others)
  6 plants (D:2)
6 creatures vanquished.

Grand Total: 106 creatures vanquished

Notes
Turn   | Place    | Note
-------+----------+-------------------------------------------
     0 | D:1      | DasRunzen the Demigod Conjurer began the quest for the Orb.
     0 | D:1      | Reached XP level 1. HP: 14/14 MP: 5/5
   466 | D:1      | Reached XP level 2. HP: 22/22 MP: 5/7
   469 | D:1      | Learned a level 2 spell: Searing Ray
   751 | D:1      | Reached skill level 1 in Fighting
   776 | D:1      | Reached XP level 3. HP: 28/28 MP: 8/8
  1034 | D:2      | Reached skill level 1 in Armour
  2314 | D:3      | Reached XP level 4. HP: 29/35 MP: 10/10
  2443 | D:3      | Reached skill level 4 in Conjurations
  3010 | D:3      | Noticed Natasha
  3026 | D:3      | Noticed Robin
  3035 | D:3      | Killed Robin
  3036 | D:3      | Killed Natasha
  3037 | D:3      | Reached XP level 5. HP: 22/41 MP: 6/11
  3190 | D:3      | Noticed Natasha
  3193 | D:3      | Killed Natasha
  3267 | D:3      | Noticed Ijyb
  3282 | D:3      | Killed Ijyb
  3321 | D:3      | Noticed Natasha
  3330 | D:3      | Killed Natasha
  3714 | D:4      | Noticed Duvessa
  3716 | D:4      | Noticed Dowan
  3731 | D:4      | Killed Dowan
  3733 | D:4      | Mangled by Duvessa

Illustrated notes

Levels and vault maps discovered:
D:1:      sevenhm_arrival_forest_fort_small_3, layout_basic,
          grunt_decor_one_mirror, minmay_rat_gold_closets
D:2:      layout_loops_corners, serial_bayou, serial_bayou_pond_c,
          serial_bayou_pond_c, serial_bayou_crossing, serial_bayou_pond_a,
          grunt_ministairs_2, chequers_hall_statues_corner_a,
          minmay_misc_feat_five, minmay_indecisive_spiral
D:3:      layout_loops_cross, kennysheep_cluttered_room, minivault_24,
          uniq_natasha, uniq_ijyb, uniq_robin
D:4:      layout_loops_cross, uniq_duvessa

Skill      XL: |  1  2  3  4  5 |
---------------+----------------+-----
Dodging        | 2 3 |  3.0
Spellcasting   | 2 |  2.8
Fighting       | 1 2 |  2.3
Armour         | 1 2 |  2.2
Conjurations   | 4 |  4.4
Stealth        | |  1.7

Action                   |  1- 3 |  4- 6 || total
-------------------------+-------+-------++-------
Melee: Dagger            |    88 |    81 ||   169
 Cast: Magic Dart        |    21 |       ||    21
       Searing Ray       |     3 |     6 ||     9
  Use: Scroll            |     6 |     5 ||    11
 Stab: Sleeping          |     6 |     2 ||     8
Armor: Robe              |    18 |    16 ||    34
Dodge: Dodged            |    54 |    44 ||    98
